 Dungeon Sprint DCSS version 0.22-a0-414-gacd343e (webtiles) character file.

3724 Mgcat the Grappler (level 10, -10/82 HPs)
             Began as a Gnoll Transmuter on May 13, 2018.
             Was an Elder of Okawaru.
             Mangled by a komodo dragon (15 damage)
             ... in the Dungeon (Sprint IX: "|||||||||||||||||||||||||||||").
             The game lasted 00:04:35 (944 turns).

Mgcat the Grappler (Gnoll Transmuter)                Turns: 944, Time: 00:04:35

Health: -10/82     AC:  6    Str: 16    XL:     10   Next: 14%
Magic:  12/23      EV: 24    Int: 19    God:    Okawaru [****..]
Gold:   0          SH:  0    Dex: 18    Spells: 13/28 levels left

rFire    . . .     SeeInvis .     - Unarmed
rCold    . . .     Gourm    .   (shield currently unavailable)
rNeg     . . .     Faith    .   b - +0 robe
rPois    .         Spirit   .   p - +0 helmet
rElec    .         Reflect  .   o - +0 cloak
rCorr    .         Harm     .   (gloves currently unavailable)
MR       .....     NoTele   +   (no boots)
Stlth    ++++++....             (no amulet)
HPRegen  0.23/turn              r - +3 ring of intelligence
MPRegen  0.18/turn              q - +3 ring of dexterity

@: blade hands, heroism
A: distributed training, fangs 1, strong nose
a: End Transformation, Heroism, Renounce Religion


You were in the Dungeon.
You worshipped Okawaru.
Okawaru was greatly pleased with you.
You were very hungry.
You had blades for hands.
You visited 1 branch

Inventory:

Missiles
 a - 36 arrows
Armour
 b - a +0 robe (worn)
 o - a +0 cloak (worn)
   (You found it in the Dungeon)
 p - a +0 helmet (worn)
   (You found it in the Dungeon)
Magical Staves
 m - an uncursed staff of energy {+MP, hungerless spells, !d!a@w1}
   (You found it in the Dungeon)
 s - an uncursed staff of poison {rPois}
   (You found it in the Dungeon)
Jewellery
 q - a +3 ring of dexterity (right scythe-like blade)
   (You found it in the Dungeon)
 r - a +3 ring of intelligence (left scythe-like blade)
   (You found it in the Dungeon)
Wands
 n - a wand of acid (10)
   (You found it in the Dungeon)
 t - a wand of digging (9)
   (You found it in the Dungeon)
Scrolls
 j - 4 scrolls of blinking {!r}
 k - 5 scrolls of remove curse
 l - 2 scrolls of amnesia
 u - a scroll of fog
Potions
 c - a potion of invisibility
 e - 3 potions of heal wounds
 f - 7 potions of curing
 g - a potion of haste
 h - 4 potions of magic
 i - a potion of berserk rage {!q}
Comestibles
 d - a ration


   Skills:
 + Level 8.8(13.8) Fighting
 + Level 8.4(13.4) Short Blades
 + Level 8.4(13.4) Long Blades
 + Level 8.4(13.4) Axes
 + Level 8.4(13.4) Maces & Flails
 + Level 8.4(13.4) Polearms
 + Level 8.4(13.4) Staves
 + Level 8.4(13.4) Slings
 + Level 8.4(13.4) Bows
 + Level 8.4(13.4) Crossbows
 + Level 8.4(13.4) Throwing
 + Level 8.4(13.4) Armour
 + Level 9.6(14.6) Dodging
 + Level 8.4(13.4) Stealth
 + Level 8.4(13.4) Shields
 + Level 10.6(15.6) Unarmed Combat
 + Level 9.8 Spellcasting
 + Level 7.0 Conjurations
 + Level 7.0 Hexes
 + Level 7.0 Charms
 + Level 7.0 Summonings
 + Level 7.0 Necromancy
 + Level 7.0 Translocations
 + Level 8.0 Transmutations
 + Level 7.0 Fire Magic
 + Level 7.0 Ice Magic
 + Level 7.0 Air Magic
 + Level 7.0 Earth Magic
 + Level 7.0 Poison Magic
 + Level 9.2 Invocations
 + Level 8.4 Evocations


You had 13 spell levels left.
You knew the following spells:

 Your Spells              Type           Power        Failure   Level  Hunger
a - Beastly Appendage     Tmut           #####.       10%         1    None
b - Sticks to Snakes      Tmut           #####...     11%         2    None
c - Spider Form           Tmut/Pois      #####.....   16%         3    None
d - Ice Form              Ice/Tmut       #####...     26%         4    ###....
e - Blade Hands           Tmut           #####.....   41%         5    #####..

Your spell library contained the following spells:

 Spells                   Type           Power        Failure   Level  Hunger


Dungeon Overview and Level Annotations

Branches:
Dungeon (1/1)

Altars:
Cheibriados
Dithmenos
Elyvilon
Fedhas
Gozag
Hepliaklqana
Kikubaaqudgha
Makhleb
Nemelex Xobeh
Okawaru
Qazlal
Ru
Sif Muna
Trog
Uskayaw
Vehumet
Wu Jian
Xom
Yredelemnul
Zin
The Shining One
Beogh
Jiyva
Lugonu


Innate Abilities, Weirdness & Mutations

Your experience applies equally to all skills.
You have very sharp teeth.
Your uncanny sense of smell can sniff out nearby items.


Message History

The five-headed hydra misses you. x2
The five-headed hydra completely misses you.
The five-headed hydra closely misses you.
The five-headed hydra misses you.
You hit the five-headed hydra.
The five-headed hydra is severely wounded.
You maul the five-headed hydra!!
You kill the five-headed hydra!
Okawaru is honoured by your kill. Something appears at your feet!
Okawaru grants you ammunition!
Your base Fighting skill increases to level 8!
Your base Short Blades skill increases to level 8!
Your base Long Blades skill increases to level 8!
Your base Axes skill increases to level 8!
Your base Maces & Flails skill increases to level 8!
Your base Polearms skill increases to level 8!
Your base Staves skill increases to level 8!
Your base Slings skill increases to level 8!
Your base Bows skill increases to level 8!
Your base Crossbows skill increases to level 8!
Your base Throwing skill increases to level 8!
Your base Armour skill increases to level 8!
Your base Dodging skill increases to level 9!
Your base Stealth skill increases to level 8!
Your base Shields skill increases to level 8!
Your base Unarmed Combat skill increases to level 10!
Your Evocations skill increases to level 8!
Unknown command.
Unknown command.
Unknown command.
Unknown command.
Casting: Spider Form (safe; 6% risk of failure)
Confirm with . or Enter, or press ? or * to list all spells.
Your transformation has ended.
Your +0 cloak unmelds from your body.
Your +0 helmet unmelds from your body.
Your +0 robe unmelds from your body.
Your hands turn into razor-sharp scythe blades.
You are feeling very hungry.
The crocodile misses you.
You shred the crocodile!!!
You kill the crocodile!
Okawaru accepts your kill.
You slice the water moccasin!! Your bite misses the water moccasin.
The water moccasin is severely wounded.
The water moccasin misses you.
You hit the water moccasin.
The water moccasin is almost dead.
The water moccasin misses you.
You barely miss the water moccasin.
The water moccasin is almost dead.
The water moccasin closely misses you.
You shred the water moccasin!!!
You kill the water moccasin!
Okawaru accepts your kill.
You slash the spiny frog!
The spiny frog is lightly wounded.
The spiny frog stings you!!
* * * LOW HITPOINT WARNING * * *
You shred the spiny frog!!!
You kill the spiny frog!
Okawaru accepts your kill.
Your Invocations skill increases to level 9!
You have reached level 10!
You feel much better. The black mamba bites you!
* * * LOW HITPOINT WARNING * * *
The black mamba completely misses you.
You slice the black mamba!! You slash the black mamba.
You bite the black mamba, but do no damage.
The black mamba is almost dead.
The black mamba barely misses you.
You slash the black mamba!
You kill the black mamba!
Okawaru is honoured by your kill.
Your Conjurations skill increases to level 7!
Your Hexes skill increases to level 7!
Your Charms skill increases to level 7!
Your Summonings skill increases to level 7!
Your Necromancy skill increases to level 7!
Your Translocations skill increases to level 7!
Your Transmutations skill increases to level 8!
Your Fire Magic skill increases to level 7!
Your Ice Magic skill increases to level 7!
Your Air Magic skill increases to level 7!
Your Earth Magic skill increases to level 7!
Your Poison Magic skill increases to level 7!
You slash the komodo dragon!
The komodo dragon is moderately wounded.
You slash the komodo dragon!
The komodo dragon is severely wounded.
The komodo dragon bites you!
* * * LOW HITPOINT WARNING * * *
You hit the komodo dragon but do no damage.
The komodo dragon is severely wounded.
The komodo dragon barely misses you.
You hit the komodo dragon but do no damage.
The komodo dragon is severely wounded.
You slash the komodo dragon! Your slash misses the komodo dragon.
The komodo dragon is almost dead.
The komodo dragon bites you!
You die...

∆∆∆∆∆∆∆∆∆∆∆∆∆ ∆∆∆
▓▓▓▓▓▓▓▓▓▓▓▓▓▓▓▓▓▓▓▓▓▓▓▓▓▓▓▓▓▓▓
▓.......'.....)@l.....'.†....l.
▓.▓▓▓▓▓▓▓▓▓▓▓▓▓▓▓▓▓▓▓▓▓▓▓▓▓▓▓▓▓▓
▓...............................
▓▓▓▓▓▓▓▓▓▓▓▓▓▓▓▓▓▓▓▓▓▓▓▓▓▓▓▓▓▓▓▓
▓<...'.....'.....'______________
▓▓▓▓▓▓▓▓▓▓▓▓▓▓▓▓▓▓▓▓▓▓▓▓▓▓▓▓▓▓▓▓


You could see a komodo dragon.

Vanquished Creatures
  A hydra (D)
  A tengu warrior (D)
  An unseen horror (D)
  A black mamba (D)
  A spiny frog (D)
  A hippogriff (D)
  A basilisk (D)
  A water moccasin (D)
  A sky beast (D)
  An ice beast (D)
  An ogre (D)
  2 crocodiles (D)
  3 bullfrogs (D)
  A scorpion (D)
  2 killer bees (D)
  An iguana (D)
  A worker ant (D)
  2 adders (D)
  A dart slug (D)
  A bat zombie (D)
  A giant cockroach (D)
  A hobgoblin (D)
  A kobold (D)
  A bat (D)
  A rat (D)
30 creatures vanquished.

Notes
Turn   | Place    | Note
-------+----------+-------------------------------------------
     0 | D        | Mgcat the Gnoll Transmuter began the quest for the Orb.
     0 | D        | Reached XP level 1. HP: 17/17 MP: 6/6
    14 | D        | Reached skill level 5 in Spellcasting
    20 | D        | Reached skill level 1 in Invocations
    33 | D        | Noticed a scorpion
    33 | D        | Noticed a sky beast
    45 | D        | Killed a scorpion
    45 | D        | Reached skill level 3 in Fighting
    45 | D        | Reached skill level 2 in Short Blades
    45 | D        | Reached skill level 2 in Long Blades
    45 | D        | Reached skill level 2 in Axes
    45 | D        | Reached skill level 2 in Maces & Flails
    45 | D        | Reached skill level 2 in Polearms
    45 | D        | Reached skill level 2 in Staves
    45 | D        | Reached skill level 2 in Slings
    45 | D        | Reached skill level 2 in Bows
    45 | D        | Reached skill level 2 in Crossbows
    45 | D        | Reached skill level 2 in Throwing
    45 | D        | Reached skill level 2 in Armour
    45 | D        | Reached skill level 5 in Dodging
    45 | D        | Reached skill level 2 in Stealth
    45 | D        | Reached skill level 2 in Shields
    45 | D        | Reached skill level 1 in Conjurations
    45 | D        | Reached skill level 1 in Hexes
    45 | D        | Reached skill level 1 in Charms
    45 | D        | Reached skill level 1 in Summonings
    45 | D        | Reached skill level 1 in Necromancy
    45 | D        | Reached skill level 1 in Translocations
    45 | D        | Reached skill level 4 in Transmutations
    45 | D        | Reached skill level 1 in Fire Magic
    45 | D        | Reached skill level 1 in Ice Magic
    45 | D        | Reached skill level 1 in Air Magic
    45 | D        | Reached skill level 1 in Earth Magic
    45 | D        | Reached skill level 1 in Poison Magic
    45 | D        | Reached skill level 2 in Invocations
    45 | D        | Reached skill level 2 in Evocations
    45 | D        | Reached XP level 2. HP: 24/24 MP: 6/8
    45 | D        | Reached XP level 3. HP: 29/29 MP: 7/10
    50 | D        | Reached skill level 7 in Unarmed Combat
    50 | D        | Reached XP level 4. HP: 30/35 MP: 7/11
    56 | D        | HP: 8/35 [something (2)]
    56 | D        | HP: 2/35 [something (6)]
    68 | D        | Killed a sky beast
    68 | D        | Reached skill level 4 in Fighting
    68 | D        | Reached skill level 3 in Short Blades
    68 | D        | Reached skill level 3 in Long Blades
    68 | D        | Reached skill level 3 in Axes
    68 | D        | Reached skill level 3 in Maces & Flails
    68 | D        | Reached skill level 3 in Polearms
    68 | D        | Reached skill level 3 in Staves
    68 | D        | Reached skill level 3 in Slings
    68 | D        | Reached skill level 3 in Bows
    68 | D        | Reached skill level 3 in Crossbows
    68 | D        | Reached skill level 3 in Throwing
    68 | D        | Reached skill level 3 in Armour
    68 | D        | Reached skill level 3 in Stealth
    68 | D        | Reached skill level 3 in Shields
    68 | D        | Reached skill level 6 in Spellcasting
    68 | D        | Reached skill level 2 in Conjurations
    68 | D        | Reached skill level 2 in Hexes
    68 | D        | Reached skill level 2 in Charms
    68 | D        | Reached skill level 2 in Summonings
    68 | D        | Reached skill level 2 in Necromancy
    68 | D        | Reached skill level 2 in Translocations
    68 | D        | Reached skill level 2 in Fire Magic
    68 | D        | Reached skill level 2 in Ice Magic
    68 | D        | Reached skill level 2 in Air Magic
    68 | D        | Reached skill level 2 in Earth Magic
    68 | D        | Reached skill level 2 in Poison Magic
    68 | D        | Reached skill level 3 in Invocations
    68 | D        | Reached skill level 3 in Evocations
    68 | D        | Reached XP level 5. HP: 15/43 MP: 8/13
   241 | D        | Learned a level 2 spell: Sticks to Snakes
   245 | D        | Learned a level 3 spell: Spider Form
   250 | D        | Learned a level 4 spell: Ice Form
   256 | D        | Learned a level 5 spell: Blade Hands
   303 | D        | Found a roughly hewn altar of Beogh.
   303 | D        | Found a snail-covered altar of Cheibriados.
   303 | D        | Found a shadowy altar of Dithmenos.
   303 | D        | Found a white marble altar of Elyvilon.
   303 | D        | Found a blossoming altar of Fedhas.
   303 | D        | Found an opulent altar of Gozag.
   304 | D        | Found a hazy altar of Hepliaklqana.
   305 | D        | Found a viscous altar of Jiyva.
   306 | D        | Found an ancient bone altar of Kikubaaqudgha.
   307 | D        | Found a corrupted altar of Lugonu.
   308 | D        | Found a burning altar of Makhleb.
   309 | D        | Found a sparkling altar of Nemelex Xobeh.
   310 | D        | Found an iron altar of Okawaru.
   311 | D        | Found a stormy altar of Qazlal.
   312 | D        | Found a sacrificial altar of Ru.
   313 | D        | Found a deep blue altar of Sif Muna.
   314 | D        | Found a bloodstained altar of Trog.
   315 | D        | Found a hide-covered altar of Uskayaw.
   316 | D        | Found a radiant altar of Vehumet.
   317 | D        | Found an ornate altar of the Wu Jian Council.
   318 | D        | Found a shimmering altar of Xom.
   319 | D        | Found a basalt altar of Yredelemnul.
   322 | D        | Became a worshipper of Warmaster Okawaru
   325 | D        | Found a glowing silver altar of Zin.
   326 | D        | Found a glowing golden altar of the Shining One.
   386 | D        | Noticed an ogre
   386 | D        | Noticed a hippogriff
   386 | D        | Noticed an ice beast
   396 | D        | Reached skill level 4 in Short Blades
   396 | D        | Reached skill level 4 in Long Blades
   396 | D        | Reached skill level 4 in Axes
   396 | D        | Reached skill level 4 in Maces & Flails
   396 | D        | Reached skill level 4 in Polearms
   396 | D        | Reached skill level 4 in Staves
   396 | D        | Reached skill level 4 in Slings
   396 | D        | Reached skill level 4 in Bows
   396 | D        | Reached skill level 4 in Crossbows
   396 | D        | Reached skill level 4 in Throwing
   396 | D        | Reached skill level 4 in Armour
   396 | D        | Reached skill level 6 in Dodging
   396 | D        | Reached skill level 4 in Stealth
   396 | D        | Reached skill level 4 in Shields
   396 | D        | Reached skill level 3 in Conjurations
   396 | D        | Reached skill level 3 in Hexes
   396 | D        | Reached skill level 3 in Charms
   396 | D        | Reached skill level 3 in Summonings
   396 | D        | Reached skill level 3 in Necromancy
   396 | D        | Reached skill level 3 in Translocations
   396 | D        | Reached skill level 5 in Transmutations
   396 | D        | Reached skill level 3 in Fire Magic
   396 | D        | Reached skill level 3 in Ice Magic
   396 | D        | Reached skill level 3 in Air Magic
   396 | D        | Reached skill level 3 in Earth Magic
   396 | D        | Reached skill level 3 in Poison Magic
   396 | D        | Reached skill level 4 in Invocations
   396 | D        | Reached skill level 4 in Evocations
   396 | D        | Reached XP level 6. HP: 50/50 MP: 11/15
   401 | D        | Reached skill level 5 in Fighting
   401 | D        | Reached skill level 8 in Unarmed Combat
   404 | D        | Reached skill level 5 in Invocations
   415 | D        | Killed a hippogriff
   415 | D        | Reached * piety under Okawaru
   415 | D        | Reached skill level 5 in Short Blades
   415 | D        | Reached skill level 5 in Long Blades
   415 | D        | Reached skill level 5 in Axes
   415 | D        | Reached skill level 5 in Maces & Flails
   415 | D        | Reached skill level 5 in Polearms
   415 | D        | Reached skill level 5 in Staves
   415 | D        | Reached skill level 5 in Slings
   415 | D        | Reached skill level 5 in Bows
   415 | D        | Reached skill level 5 in Crossbows
   415 | D        | Reached skill level 5 in Throwing
   415 | D        | Reached skill level 5 in Armour
   415 | D        | Reached skill level 7 in Dodging
   415 | D        | Reached skill level 5 in Stealth
   415 | D        | Reached skill level 5 in Shields
   415 | D        | Reached skill level 7 in Spellcasting
   415 | D        | Reached skill level 4 in Conjurations
   415 | D        | Reached skill level 4 in Hexes
   415 | D        | Reached skill level 4 in Charms
   415 | D        | Reached skill level 4 in Summonings
   415 | D        | Reached skill level 4 in Necromancy
   415 | D        | Reached skill level 4 in Translocations
   415 | D        | Reached skill level 4 in Fire Magic
   415 | D        | Reached skill level 4 in Ice Magic
   415 | D        | Reached skill level 4 in Air Magic
   415 | D        | Reached skill level 4 in Earth Magic
   415 | D        | Reached skill level 4 in Poison Magic
   415 | D        | Reached skill level 5 in Evocations
   415 | D        | Reached XP level 7. HP: 16/57 MP: 13/17
   423 | D        | Reached skill level 6 in Fighting
   423 | D        | Reached skill level 6 in Transmutations
   423 | D        | Reached skill level 6 in Invocations
   636 | D        | Noticed a tengu warrior
   648 | D        | Killed an unseen horror
   648 | D        | Reached ** piety under Okawaru
   648 | D        | Reached skill level 7 in Fighting
   648 | D        | Reached skill level 6 in Short Blades
   648 | D        | Reached skill level 6 in Long Blades
   648 | D        | Reached skill level 6 in Axes
   648 | D        | Reached skill level 6 in Maces & Flails
   648 | D        | Reached skill level 6 in Polearms
   648 | D        | Reached skill level 6 in Staves
   648 | D        | Reached skill level 6 in Slings
   648 | D        | Reached skill level 6 in Bows
   648 | D        | Reached skill level 6 in Crossbows
   648 | D        | Reached skill level 6 in Throwing
   648 | D        | Reached skill level 6 in Armour
   648 | D        | Reached skill level 8 in Dodging
   648 | D        | Reached skill level 6 in Stealth
   648 | D        | Reached skill level 6 in Shields
   648 | D        | Reached skill level 9 in Unarmed Combat
   648 | D        | Reached skill level 8 in Spellcasting
   648 | D        | Reached skill level 5 in Conjurations
   648 | D        | Reached skill level 5 in Hexes
   648 | D        | Reached skill level 5 in Charms
   648 | D        | Reached skill level 5 in Summonings
   648 | D        | Reached skill level 5 in Necromancy
   648 | D        | Reached skill level 5 in Translocations
   648 | D        | Reached skill level 5 in Fire Magic
   648 | D        | Reached skill level 5 in Ice Magic
   648 | D        | Reached skill level 5 in Air Magic
   648 | D        | Reached skill level 5 in Earth Magic
   648 | D        | Reached skill level 5 in Poison Magic
   648 | D        | Reached skill level 7 in Invocations
   648 | D        | Reached skill level 6 in Evocations
   648 | D        | Reached XP level 8. HP: 51/67 MP: 15/20
   669 | D        | Killed a tengu warrior
   669 | D        | Reached *** piety under Okawaru
   669 | D        | Reached skill level 7 in Short Blades
   669 | D        | Reached skill level 7 in Long Blades
   669 | D        | Reached skill level 7 in Axes
   669 | D        | Reached skill level 7 in Maces & Flails
   669 | D        | Reached skill level 7 in Polearms
   669 | D        | Reached skill level 7 in Staves
   669 | D        | Reached skill level 7 in Slings
   669 | D        | Reached skill level 7 in Bows
   669 | D        | Reached skill level 7 in Crossbows
   669 | D        | Reached skill level 7 in Throwing
   669 | D        | Reached skill level 7 in Armour
   669 | D        | Reached skill level 7 in Stealth
   669 | D        | Reached skill level 7 in Shields
   669 | D        | Reached skill level 7 in Transmutations
   669 | D        | Reached skill level 7 in Evocations
   669 | D        | Reached XP level 9. HP: 41/72 MP: 15/21
   673 | D        | Received a gift from Okawaru
   673 | D        | Reached skill level 6 in Conjurations
   673 | D        | Reached skill level 6 in Hexes
   673 | D        | Reached skill level 6 in Charms
   673 | D        | Reached skill level 6 in Summonings
   673 | D        | Reached skill level 6 in Necromancy
   673 | D        | Reached skill level 6 in Translocations
   673 | D        | Reached skill level 6 in Fire Magic
   673 | D        | Reached skill level 6 in Ice Magic
   673 | D        | Reached skill level 6 in Air Magic
   673 | D        | Reached skill level 6 in Earth Magic
   673 | D        | Reached skill level 6 in Poison Magic
   902 | D        | Noticed a five-headed hydra
   903 | D        | Noticed a spiny frog
   904 | D        | Reached skill level 9 in Spellcasting
   904 | D        | Reached skill level 8 in Invocations
   905 | D        | Noticed a black mamba
   910 | D        | Noticed a komodo dragon
   914 | D        | HP: 13/74 [five-headed hydra (18)]
   928 | D        | Killed a five-headed hydra
   928 | D        | Received a gift from Okawaru
   928 | D        | Reached skill level 8 in Fighting
   928 | D        | Reached skill level 8 in Short Blades
   928 | D        | Reached skill level 8 in Long Blades
   928 | D        | Reached skill level 8 in Axes
   928 | D        | Reached skill level 8 in Maces & Flails
   928 | D        | Reached skill level 8 in Polearms
   928 | D        | Reached skill level 8 in Staves
   928 | D        | Reached skill level 8 in Slings
   928 | D        | Reached skill level 8 in Bows
   928 | D        | Reached skill level 8 in Crossbows
   928 | D        | Reached skill level 8 in Throwing
   928 | D        | Reached skill level 8 in Armour
   928 | D        | Reached skill level 9 in Dodging
   928 | D        | Reached skill level 8 in Stealth
   928 | D        | Reached skill level 8 in Shields
   928 | D        | Reached skill level 10 in Unarmed Combat
   928 | D        | Reached skill level 8 in Evocations
   930 | D        | Reached **** piety under Okawaru
   935 | D        | HP: 12/75 [spiny frog (19)]
   936 | D        | Killed a spiny frog
   936 | D        | Reached skill level 9 in Invocations
   936 | D        | Reached XP level 10. HP: 14/82 MP: 11/23
   939 | D        | Killed a black mamba
   939 | D        | Reached skill level 7 in Conjurations
   939 | D        | Reached skill level 7 in Hexes
   939 | D        | Reached skill level 7 in Charms
   939 | D        | Reached skill level 7 in Summonings
   939 | D        | Reached skill level 7 in Necromancy
   939 | D        | Reached skill level 7 in Translocations
   939 | D        | Reached skill level 8 in Transmutations
   939 | D        | Reached skill level 7 in Fire Magic
   939 | D        | Reached skill level 7 in Ice Magic
   939 | D        | Reached skill level 7 in Air Magic
   939 | D        | Reached skill level 7 in Earth Magic
   939 | D        | Reached skill level 7 in Poison Magic
   941 | D        | HP: 5/82 [komodo dragon (16)]
   944 | D        | Mangled by a komodo dragon

Vault maps used:
D:        linesprint

Skill      XL: |  1  2  3  4  5  6  7  8  9 10 |
---------------+-------------------------------+-----
Spellcasting   | 5 6 7 8 9 |  9.8
Invocations    | 2 3 4 5 7 9 |  9.2
Fighting       | 3 4 5 7 8 |  8.8
Short Blades   | 2 3 4 5 6 7 8 |  8.4
Long Blades    | 2 3 4 5 6 7 8 |  8.4
Axes           | 2 3 4 5 6 7 8 |  8.4
Maces & Flails | 2 3 4 5 6 7 8 |  8.4
Polearms       | 2 3 4 5 6 7 8 |  8.4
Staves         | 2 3 4 5 6 7 8 |  8.4
Slings         | 2 3 4 5 6 7 8 |  8.4
Bows           | 2 3 4 5 6 7 8 |  8.4
Crossbows      | 2 3 4 5 6 7 8 |  8.4
Throwing       | 2 3 4 5 6 7 8 |  8.4
Armour         | 2 3 4 5 6 7 8 |  8.4
Dodging        | 5 6 7 8 9 |  9.6
Stealth        | 2 3 4 5 6 7 8 |  8.4
Shields        | 2 3 4 5 6 7 8 |  8.4
Conjurations   | 1 2 3 4 5 6 7 |  7.0
Hexes          | 1 2 3 4 5 6 7 |  7.0
Charms         | 1 2 3 4 5 6 7 |  7.0
Summonings     | 1 2 3 4 5 6 7 |  7.0
Necromancy     | 1 2 3 4 5 6 7 |  7.0
Translocations | 1 2 3 4 5 6 7 |  7.0
Transmutations | 4 5 6 7 8 |  8.0
Fire Magic     | 1 2 3 4 5 6 7 |  7.0
Ice Magic      | 1 2 3 4 5 6 7 |  7.0
Air Magic      | 1 2 3 4 5 6 7 |  7.0
Earth Magic    | 1 2 3 4 5 6 7 |  7.0
Poison Magic   | 1 2 3 4 5 6 7 |  7.0
Evocations     | 2 3 4 5 6 7 8 |  8.4
Unarmed Combat | 7 8 9 10 | 10.6

Action                   |  1- 3 |  4- 6 |  7- 9 | 10-12 || total
-------------------------+-------+-------+-------+-------++-------
Melee: Unarmed           |    28 |    46 |    50 |     7 ||   131
       Kick              |     6 |     5 |       |       ||    11
       Bite              |     4 |     1 |       |     1 ||     6
       Punch             |     3 |     1 |       |     1 ||     5
 Cast: Beastly Appendage |     2 |     1 |       |       ||     3
       Spider Form       |       |     3 |     3 |       ||     6
       Blade Hands       |       |       |     4 |       ||     4
Invok: Heroism           |       |       |     1 |       ||     1
  Use: Potion            |       |     2 |     2 |     1 ||     5
 Stab: Sleeping          |     1 |       |     1 |       ||     2
       Distracted        |       |     1 |       |       ||     1
Armor: Robe              |     3 |     6 |     1 |       ||    10
       Skin              |       |     1 |     3 |       ||     4
Dodge: Dodged            |    22 |    42 |    74 |     3 ||   141

Table legend:
 A = Spawn XP
 B = Non-spawn XP
 C = Spawn XP percentage of total XP
 D = Spawn monster count
 E = Non-spawn monster count
 F = Spawn count percentage of total count
 G = Total turns spent on level
                    A         B        C        D         E        F      G
               +---------+---------+-------+---------+---------+-------+---------
         Total |       0 |    5320 |   0.0 |       0 |      30 |   0.0 |   944
               +---------+---------+-------+---------+---------+-------+---------
             D |       0 |    5320 |   0.0 |       0 |      30 |   0.0 |   944
               +---------+---------+-------+---------+---------+-------+---------

Vault maps used:
D:        linesprint

Table legend:
 A = Turns spent in this place as a percentage of turns spent in the entire game.
 B = Non-inter-level travel turns spent in this place as a percentage of non-inter-level travel turns spent in the entire game.
 C = Inter-level travel turns spent in this place as a percentage of turns spent in this place.
 D = Turns resting spent in this place as a percentage of non-inter-level travel turns spent in this place.
 E = Turns spent auto-exploring this place as a percentage of non-inter-level travel turns spent in this place.
 F = Non-inter-level travel turns spent in this place divided by the number of levels of this place that you've seen.
                   A       B       C       D       E      F
               +-------+-------+-------+-------+-------+----------------------
         Total | 100.0 | 100.0 |   0.0 |  36.8 |  18.1 | 944.0
       Dungeon | 100.0 | 100.0 |   0.0 |  36.8 |  18.1 | 944.0
               +-------+-------+-------+-------+-------+----------------------

Table legend:
 A = Kills in this place as a percentage of kills in entire the game.
 B = Kills by you in this place as a percentage of kills by you in the entire game.
 C = Kills by friends in this place as a percentage of kills by friends in the entire game.
 D = Other kills in this place as a percentage of other kills in the entire game.
 E = Experience gained in this place as a percentage of experience gained in the entire game.
 F = Experience gained in this place divided by the number of levels of this place that you have seen.
                   A       B       C       D       E      F
               +-------+-------+-------+-------+-------+----------------------
         Total | 100.0 | 100.0 |   N/A |   N/A | 100.0 | 5320.0
       Dungeon | 100.0 | 100.0 |   N/A |   N/A | 100.0 | 5320.0
               +-------+-------+-------+-------+-------+----------------------
